 Dungeon Crawl Stone Soup version 0.28-a0-1389-gc726bef33b (webtiles) character file.

Game seed: 14402999705542740442

1511 GainsdalftheGwei the Slasher (level 8, -2/62 HPs)
             Began as a Demonspawn Gladiator on Jan 3, 2022.
             Slain by a wyvern skeleton (8 damage)
             ... on level 6 of the Dungeon.
             The game lasted 00:11:18 (6257 turns).

GainsdalftheGwei the Slasher (Demonspawn Gladiator) Turns: 6257, Time: 00:11:20

Health: -2/62      AC: 15    Str: 17    XL:     8   Next: 53%
Magic:  10/10      EV:  9    Int: 10    God:
Gold:   253        SH:  8    Dex: 14    Spells: 9/9 levels left

rFire   . . .      SeeInvis .   A - +0 dagger (elec)
rCold   . . .      Faith    +   w - +0 kite shield
rNeg    . . .      Spirit   .   n - +0 chain mail
rPois   .          Reflect  .   u - +0 helmet
rElec   .          Harm     .   (no cloak)
rCorr   .          Rampage  .   (no gloves)
Will    .....                   (no boots)
Stlth   ..........              c - amulet of faith
HPRegen 0.20/turn               l - +4 ring of evasion
MPRegen 0.12/turn               e - +4 ring of protection

@: mighty
A: rugged brown scales 1, foul stench 2, powered by death 1
a: no special abilities


You were on level 6 of the Dungeon.
You visited 1 branch of the dungeon, and saw 6 of its levels.
You also visited: Sewer.

You collected 330 gold pieces.
You spent 77 gold pieces at shops.

Inventory:

Hand Weapons
 a - a +0 long sword
 g - a +0 vampiric spear
 k - a +0 war axe
 A - a +0 dagger of electrocution (weapon)
Missiles
 d - a throwing net
 i - 4 poisoned darts
 m - 5 boomerangs (quivered)
 F - 2 javelins
Armour
 n - a +0 chain mail (worn)
 u - a +0 helmet (worn)
 w - a +0 kite shield (worn)
Jewellery
 c - an amulet of faith (around neck)
 e - a +4 ring of protection (right hand)
 l - a +4 ring of evasion (left hand)
 D - a +6 ring of intelligence
Scrolls
 f - a scroll of noise {unknown}
 h - 4 scrolls of magic mapping
 o - 5 scrolls of identify
 q - 6 scrolls of teleportation {unknown}
 r - a scroll of fog {unknown}
 s - a scroll of silence {unknown}
 t - a scroll of enchant weapon {unknown}
 y - 2 scrolls of torment {unknown}
 C - 2 scrolls of fear {unknown}
 E - 2 scrolls of enchant armour {unknown}
Potions
 j - a potion of heal wounds {unknown}
 p - a potion of mutation {unknown}
 v - a potion of lignification {unknown}
 x - 2 potions of berserk rage
 z - a potion of curing
 B - a potion of brilliance {unknown}


   Skills:
 * Level 4.3 Fighting
 + Level 2.5(4.8) Short Blades
 + Level 6.3(6.6) Long Blades
 * Level 2.9 Throwing
 + Level 3.7 Armour
 + Level 3.7 Dodging
 + Level 1.2 Stealth
 + Level 2.3 Shields
 * Level 1.3 Spellcasting


You had 9 spell levels left.
You didn't know any spells.
Your spell library contained the following spells:

 Spells                   Type           Power      Damage    Failure   Level
 Ensorcelled Hibernation  Hex/Ice        0%         N/A       100%        2
 Spider Form              Tmut/Pois      0%         N/A       100%        3


Dungeon Overview and Level Annotations

Branches:
Dungeon (6/15)              Sewer (visited)
 Temple: D:4-7

Altars:
Dithmenos
Elyvilon
Fedhas
Qazlal
Sif Muna
Trog
Vehumet
Yredelemnul

Shops:
D:3 :[[*?


Innate Abilities, Weirdness & Mutations

You are partially covered in rugged brown scales. (AC +1, +3% HP)
You sometimes emit foul miasma when damaged in melee.
You regenerate a little health from kills.


Message History

Unknown command.
You barely miss the wyvern skeleton.
The wyvern skeleton is heavily damaged.
The wyvern skeleton bites you but does no damage.
The steam dragon is engulfed in dark miasma.
The steam dragon looks even sicker.
The steam dragon bites you.
* * * LOW HITPOINT WARNING * * *
The steam dragon claws you but does no damage.
It was a potion of might.
You feel very mighty all of a sudden.
The wyvern skeleton bites you but does no damage.
The steam dragon is engulfed in dark miasma.
The steam dragon looks even sicker.
The steam dragon bites you but does no damage.
The steam dragon barely misses you.
You closely miss the steam dragon.
The steam dragon is heavily wounded.
The wyvern skeleton barely misses you.
An ogre comes into view. It is wielding a +0 giant spiked club.
The wyvern skeleton barely misses you.
The steam dragon is engulfed in dark miasma.
The steam dragon looks as sick as possible!
The steam dragon barely misses you.
The steam dragon claws you but does no damage.
You closely miss the steam dragon.
The steam dragon is severely wounded.
The wyvern skeleton barely misses you.
The steam dragon is engulfed in dark miasma.
The steam dragon looks as sick as possible!
The steam dragon seems to slow down.
The steam dragon breathes steam at you. The ball of steam hits you!
* * * LOW HITPOINT WARNING * * *
You feel better.
You are engulfed in a cloud of scalding steam.
* * * LOW HITPOINT WARNING * * *
You kill the steam dragon!
The steam dragon scales are intact enough to wear.
The wyvern skeleton bites you!
You die...

.....[.. ......
........##....#.
......#.......
#...........
###....#....#
#......#...##
..#...○§.....#
..O...Z@....##
..#...####...# ###
#...##.....###.###
#...........#..#.###
#.
.#####...........#
.. #.........### .
..#####..#.....##
.........###..##
....>...#######


You could see an ogre and a wyvern skeleton.

Vanquished Creatures
  A steam dragon (D:6)
  Duvessa (D:4)
  A sky beast (D:5)
  Pargi (Sewer)
  An ice beast (D:5)
  A necrophage (D:4)
  2 ogres (D:5)
  A centaur (D:5)
  A phantom (D:4)
  2 scorpions (D:4)
  A water moccasin zombie (D:5)
  Dowan (D:4)
  3 killer bees (D:5)
  A bullfrog zombie (D:6)
  A hound (D:5)
  A centaur skeleton (D:4)
  2 orc wizards
  A killer bee zombie (D:6)
  A hound skeleton (D:4)
  8 gnolls
  4 adders
  A howler monkey skeleton (D:5)
  A river rat (D:4)
  A white imp (D:4)
  An adder skeleton (D:4)
  2 worms
  A dart slug (D:4)
  7 orcs
  An endoplasm (D:2)
  2 giant cockroaches
  9 goblins
  3 hobgoblins
  3 jackals (D:2)
  5 quokkas
  8 ball pythons
  8 bats
  5 frilled lizards
  6 kobolds
  8 rats
108 creatures vanquished.

Notes
Turn   | Place    | Note
-------+----------+-------------------------------------------
     0 | D:1      | GainsdalftheGwei the Demonspawn Gladiator began the quest
                  | for the Orb.
     0 | D:1      | Reached XP level 1. HP: 16/16 MP: 1/1
   264 | D:1      | Gained mutation: You may rarely emit foul miasma when
                  | damaged in melee. [demonic ancestry]
   264 | D:1      | Reached XP level 2. HP: 18/22 MP: 2/2
   379 | D:1      | Found a faded altar of an unknown god.
   790 | D:2      | Reached skill level 3 in Long Blades
  1107 | D:2      | Gained mutation: You regenerate a little health from kills.
                  | [demonic ancestry]
  1107 | D:2      | Reached XP level 3. HP: 18/27 MP: 3/3
  1848 | D:3      | Found a shadowy altar of Dithmenos.
  1869 | D:3      | Reached XP level 4. HP: 15/34 MP: 4/4
  2071 | D:3      | Found Anisiz Turucw's Assorted Antiques.
  2142 | D:3      | Found Maiwn's Magic Scroll Boutique.
  2203 | D:3      | Bought a scroll of magic mapping for 49 gold pieces
  2232 | D:3      | Reached skill level 1 in Armour
  2287 | D:3      | Bought a scroll of identify for 28 gold pieces
  2337 | D:3      | Found Wisufeth's Armour Emporium.
  2388 | D:3      | Found Wybu's Book Shop.
  2415 | D:3      | Found a radiant altar of Vehumet.
  2539 | D:3      | Found Lorel's Armour Emporium.
  2762 | D:3      | Found a shimmering blue altar of Sif Muna.
  2763 | D:3      | Found a stormy altar of Qazlal.
  3029 | D:4      | Noticed a necrophage
  3041 | D:4      | Reached skill level 4 in Long Blades
  3041 | D:4      | Reached XP level 5. HP: 39/39 MP: 5/5
  3086 | D:4      | Killed a necrophage
  3121 | D:4      | Noticed Dowan
  3121 | D:4      | Noticed Duvessa
  3138 | D:4      | Reached skill level 5 in Long Blades
  3138 | D:4      | Gained mutation: You sometimes emit foul miasma when
                  | damaged in melee. [demonic ancestry]
  3138 | D:4      | Reached XP level 6. HP: 46/46 MP: 6/6
  3143 | D:4      | Killed Duvessa
  3153 | D:4      | Killed Dowan
  3320 | D:4      | Found a glowing drain.
  3324 | Sewer    | Entered a sewer
  3374 | Sewer    | Noticed Pargi
  3382 | Sewer    | Killed Pargi
  3383 | Sewer    | Gained mutation: You are partially covered in rugged brown
                  | scales. (AC +1, +3% HP) [demonic ancestry]
  3383 | Sewer    | Reached XP level 7. HP: 40/53 MP: 7/7
  3510 | D:4      | Found a basalt altar of Yredelemnul.
  3511 | D:4      | Found a bloodstained altar of Trog.
  3512 | D:4      | Found a blossoming altar of Fedhas.
  4164 | D:4      | Reached skill level 6 in Long Blades
  4164 | D:4      | Reached skill level 1 in Stealth
  4736 | D:5      | Entered Level 5 of the Dungeon
  4824 | D:5      | Reached skill level 1 in Short Blades
  4981 | D:5      | Reached skill level 1 in Shields
  5021 | D:5      | Reached XP level 8. HP: 22/61 MP: 8/8
  5387 | D:5      | Reached skill level 1 in Spellcasting
  6256 | D:6      | HP: 1/62 [steam dragon/ball of steam (17)]
  6257 | D:6      | Slain by a wyvern skeleton

Illustrated notes

Levels and vault maps discovered:
D:1:      noname_arrival_rooms_in_the_neighbourhood, layout_basic,
          hellmonk_ecumenical_altar_inner_sanctum
D:2:      layout_loops_ring, chequers_mini_garden
D:3:      layout_loops_ring, lemuel_round_altar, nicolae_dithmenos_the_darkroom,
          gammafunk_temple_overflow_statue, serial_shops,
          nicolae_shop_advertising_works [nicolae_subvault_shop_adworks], shop,
          nicolae_diamond_shop, shop, nicolae_shop_behind_doors
D:4:      layout_basic, chequers_temple_overflow_statue_of_worship,
          gup_sewer_entry_bowl, kennysheep_pointless_box, uniq_duvessa
D:5:      layout_basic, mainiacjoe_overflow_24_doors
D:6:      layout_cave_pools, minmay_mini_ossuary

Skill      XL: |  1  2  3  4  5  6  7  8 |
---------------+-------------------------+-----
Throwing       | 2 |  2.9
Dodging        | 3 |  3.7
Long Blades    | 3 4 5 6 |  6.3
Armour         | 1 2 3 |  3.7
Fighting       | 3 4 |  4.3
Stealth        | 1 |  1.2
Short Blades   | 1 2 |  2.5
Shields        | 1 2 |  2.3
Spellcasting   | 1 |  1.3

Action                   |  1- 3 |  4- 6 |  7- 9 || total
-------------------------+-------+-------+-------++-------
Melee: Long sword        |   130 |   141 |    19 ||   290
       Dagger            |       |       |   160 ||   160
Throw: Throwing net      |     1 |     2 |       ||     3
       Dart              |       |    19 |       ||    19
       Boomerang         |       |     7 |     1 ||     8
  Use: Potion            |     3 |       |     2 ||     5
 Stab: Held in net/web   |     1 |     2 |       ||     3
       Invisible         |     1 |       |       ||     1
Armor: Leather armour    |    14 |       |       ||    14
       Chain mail        |    69 |    99 |   111 ||   279
Dodge: Dodged            |   115 |   142 |    72 ||   329
Block: Kite shield       |       |       |    71 ||    71

Table legend: (Time is in decaauts)
 A = Elapsed time spent in this place.
 B = Non-inter-level travel time spent in this place.
 C = Inter-level travel time spent in this place.
 D = Time resting spent in this place.
 E = Time spent auto-exploring this place.
 F = Levels seen in this place.
 G = Mean time per level.
                   A        B        C        D        E       F      G
               +--------+--------+--------+--------+--------+-----+--------+
         Total |   6319 |   6124 |    195 |      0 |   4856 |   7 |  902.7 |
       Dungeon |   6160 |   5965 |    195 |      0 |   4794 |   6 | 1026.7 |
         Sewer |    159 |    159 |      0 |      0 |     62 |   1 |  159.0 |
               +--------+--------+--------+--------+--------+-----+--------+

Top non-repeatable levels by time:
     D:4: 1592 daAuts
     D:5: 1434 daAuts
     D:3: 1193 daAuts
     D:2: 1054 daAuts
     D:1: 791 daAuts
   Sewer: 159 daAuts
     D:6: 93 daAuts
